Frizzbo, neutral female gnomish Wizard ----------- -------- |..........# |......| #..........|## |......-### #|.........|# |.<....| # #|.........|# --|----- ###-------- #|.........|# # #.......| #-----------# ### |.)....| #### # # ##-......| # % ### # -.------ # # # ### ## # # # # # ----- G # # ##` ### |....|a ## --.---- # # ......d ###########......-########## ## |....| ### |.....| # # --|-- |^... |.....|#############|...| |... +.....|# # |..>| ---- -------# ##-...| `############# ----- Frizzbo the Conjurer Experience level: 5 Strength: 25 Dexterity: 11 Constitution: 16 Intelligence: 16 Wisdom: 15 Charisma: 9 Health: 0(43) Energy: 49(49) Def: 7 Gold: 0 Moves: 3013 Dungeon seed: RgcOYhTFnAWRq_8C Game ID: Frizzbo_1465917728 Your Inventory: Amulets x - an uncursed amulet of reflection (being worn) Weapons a - a blessed +1 quarterstaff (alternate weapon; not wielded) H - an uncursed +0 orcish dagger (weapon in hand) Armor e - an uncursed +0 cloak of magic resistance (being worn) r - an uncursed +0 studded leather armor (being worn) y - an uncursed +0 pair of gauntlets of power (being worn) N - an uncursed +1 orcish helm (being worn) Comestibles w - 3 uncursed eggs Scrolls A - an uncursed scroll of identify F - an uncursed scroll of create monster K - an uncursed scroll of magic mapping Spellbooks B - an uncursed spellbook of haste self Potions C - an uncursed potion of gain ability Rings c - an uncursed ring of sustain ability d - an uncursed ring of invisibility Wands I - an uncursed wand of create monster (0:12) J - a blessed wand of striking (0:5) Tools n - an uncursed magic marker (0:32) p - an uncursed tin opener s - an uncursed bag of holding Gems q - an uncursed worthless piece of green glass z - an uncursed worthless piece of white glass Contents of the bag of holding: 166 gold pieces an uncursed scroll of confuse monster a blessed scroll of create monster an uncursed scroll of enchant armor an uncursed scroll of genocide a blessed scroll of teleportation an uncursed scroll of teleportation an uncursed spellbook of cause fear a blessed spellbook of force bolt a blessed potion of healing an uncursed potion of healing an uncursed potion of paralysis an uncursed wand of create monster (0:12) 2 uncursed worthless pieces of yellow glass an uncursed worthless piece of yellowish brown glass Spells and supernatural/magical abilities: Name Level Category Fail Memory a - force bolt 1 attack 47% 85% c - cause fear 3 enchantment 59% 85% W - pray for help -- divine ? -- Your skills at the end: Fighting Skills Weapon Skills quarterstaff [Basic] Spellcasting Skills attack spells [Basic] enchantment spells [Basic] Final Attributes: You were piously aligned. You were magic-protected. You were telepathic. You had infravision. You had reflection. You are dead. Vanquished creatures: a shrieker a straw golem a baby crocodile 3 giant ants 3 floating eyes a kitten a homunculus a kobold shaman a dwarf zombie 5 giant rats 6 cave spiders 3 brown molds a gnome zombie 3 geckos 7 jackals 2 foxes 2 kobolds 2 goblins 4 sewer rats 10 grid bugs 5 lichens 3 newts 66 creatures vanquished. Voluntary challenges: You were an atheist. You used a wielded weapon 56 times, starting on turn 63. You read items or engraved 3 times, starting on turn 2010. You never genocided any monsters. You never polymorphed an object. You never changed form. You used no wishes. You never split a pudding. You wrote Elbereth's name 1 time, starting on turn 2685. You never violated your personal moral code. Dungeon overview: The Dungeons of Doom: levels 1 to 6 Level 1 a fountain a long staircase Level 2 a fountain Level 3 a fountain, some sinks Level 4 a sink Level 5 many fountains Level 6 <- You were here a long staircase History has recorded: On T:1 you entered the Dungeons of Doom to retrieve the Amulet of Yendor! On T:546 you reached level 2 of The Dungeons of Doom. On T:796 you advanced to experience level 2. On T:1224 you advanced to experience level 3. On T:1241 you reached level 3 of The Dungeons of Doom. On T:1317 you reached level 5 of The Dungeons of Doom. On T:2162 you reached level 4 of The Dungeons of Doom. On T:2259 you advanced to experience level 4. On T:2670 you reached level 6 of The Dungeons of Doom. On T:2851 you advanced to experience level 5. Score breakdown: Gold: 166 ( 7560 points) Experience: 5 levels (11141 points) Exploration: 6 levels ( 11.76%) ( 9486 points) Discoveries: 2 items ( 0.69%) ( 2500 points) Valuables value: (no points given unless you survive) Artifact value: 0 ( 0 points) Variety of kills: 22 monsters ( 5.77%) ( 7208 points) Turncount: 3013 turns ( -606 points) Survival: died (score multiplied by 80%) Total score: 29831 Latest messages: Dodgee misses the giant ant. (2x) The giant ant misses Dodgee. Dodgee bites the giant ant. The giant ant suddenly disappears! The giant ant bites! The giant ant misses. The giant ant bites! You miss the giant ant. The giant ant bites! (2x) You hit the giant ant! The giant ant bites! (2x) The giant ant just misses! The giant ant bites! You displace Dodgee. The giant ant suddenly disappears! The giant ant bites! You miss the giant ant. The giant ant bites! (4x) You miss the giant ant. The giant ant misses. You miss the giant ant. The giant ant bites! (2x) You hit the giant ant! The giant ant bites! (3x) You die... Final status: Goodbye Frizzbo the Wizard, killed by a giant ant... You died in The Dungeons of Doom on dungeon level 6 with 29831 points, and 166 pieces of gold, after 3013 moves. You were level 5 with a maximum of 43 hit points when you died.